 Dungeon Crawl Stone Soup version 0.30-a0-748-ge6a52f7cba (webtiles) character file.

Game seed: 7820126264438593863

422 sircluck the Shooter (level 6, -6/32 HPs)
             Began as a Spriggan Hunter on Feb 8, 2023.
             Killed by divine providence
             ... invoked by an orc priest
              (14 damage)
             ... on level 4 of the Dungeon.
             The game lasted 00:10:07 (3126 turns).

sircluck the Shooter (Spriggan Hunter)              Turns: 3126, Time: 00:10:07

Health: -6/32      AC:  5    Str:  7    XL:     6   Next: 63%
Magic:  7/7        EV: 19    Int: 11    God:
Gold:   210        SH:  0    Dex: 20    Spells: 5/5 levels left

rFire   . . .      SeeInvis +    a - +0 shortbow
rCold   . . .      Faith    .    (shield currently unavailable)
rNeg    . . .      Spirit   .    c - +0 robe
rPois   .          Reflect  .    f - +0 hat
rElec   .          Harm     .    l - +2 cloak
rCorr   .          Rampage  .    (gloves unavailable)
Will    +....                    (boots unavailable)
Stlth   ++                       w - amulet of magic regeneration
HPRegen 0.25/turn                (no ring)
MPRegen 0.50/turn                (no ring)

@: very quick
A: very small, no large weapons, unfitting armour, see invisible, speed 3
a: no special abilities


You were on level 4 of the Dungeon.
You visited 1 branch of the dungeon, and saw 4 of its levels.

You collected 210 gold pieces.

Inventory:

Hand Weapons
 a - a +0 shortbow (weapon)
 e - a +2 mace of protection
 k - a +2 quarterstaff of chaos
 m - a +1 hammer of holy wrath
 y - a +2 dagger of venom
Missiles
 q - 8 boomerangs
Armour
 c - a +0 robe (worn)
 f - a +0 hat (worn)
 l - a +2 cloak (worn)
Jewellery
 o - a ring of wizardry
 w - an amulet of magic regeneration (around neck)
Wands
 s - a wand of quicksilver (8)
Scrolls
 b - a scroll of immolation
 j - a scroll of fog {unknown}
 n - 2 scrolls of vulnerability {unknown}
 r - a scroll of enchant weapon {unknown}
 u - 3 scrolls of teleportation {unknown}
 v - a scroll of amnesia {unknown}
 x - a scroll of identify {unknown}
Potions
 d - 2 potions of curing {unknown}
 g - a potion of magic {unknown}
 h - a potion of haste {unknown}
 i - a potion of heal wounds {unknown}
 p - 2 potions of attraction {unknown}
 t - 2 potions of flight {unknown}
 z - a potion of ambrosia {unknown}


   Skills:
 + Level 2.6 Fighting
 + Level 7.1 Ranged Weapons
 + Level 4.2 Dodging
 + Level 1.6 Stealth


You had 5 spell levels left.
You didn't know any spells.
Your spell library contained the following spells:

 Spells                   Type           Power      Damage    Failure   Level
 Apportation              Tloc           0%         N/A       34%         1
 Beastly Appendage        Tmut           0%         N/A       34%         1
 Necrotise                Necr           0%         1d4       34%         1
 Summon Small Mammal      Summ           0%         N/A       34%         1
 Lesser Beckoning         Tloc           0%         N/A       47%         2
 Wereblood                Tmut           0%         N/A       47%         2
 Gell's Gravitas          Tloc           0%         N/A       71%         3
 Spider Form              Tmut/Pois      0%         N/A       71%         3
 Teleport Other           Tloc           0%         N/A       71%         3


Dungeon Overview and Level Annotations

Branches:
Dungeon (4/15)
 Temple: D:4-7

Altars:
Gozag
Yredelemnul

Shops:
D:4 (


Innate Abilities, Weirdness & Mutations

You are very small and have problems with some larger weapons.
You are too small for most types of armour.
You have supernaturally acute eyesight. (SInv)
You cover ground extremely quickly. (Speed+++)


Message History

The arrow closely misses the orc priest.
The orc priest begins to cast a cantrip, but forgets the words!
Fire: a) +0 shortbow
Press: ? - help, Q - select action, (/) - cycle Shift-Dir - straight line, f/p - orc priest
Aim: an orc priest, wielding a +0 flail and wearing a +0 ring mail (heavily wounded, 69% to hit)
You shoot an arrow.
The arrow hits the orc but does no damage.
Fire: a) +0 shortbow
Press: ? - help, Q - select action, (/) - cycle Shift-Dir - straight line, f/p - orc priest
Aim: an orc priest, wielding a +0 flail and wearing a +0 ring mail (heavily wounded, 69% to hit)
You shoot an arrow. The arrow hits the orc!
You kill the orc!
Fire: a) +0 shortbow
Press: ? - help, Q - select action, (/) - cycle Shift-Dir - straight line, p - orc priest You shoot an arrow.
The arrow hits the orc.
The orc is severely wounded.
The orc priest begins to cast a cantrip, but forgets the words!
The orc barely misses you.
The orc priest calls down the wrath of Beogh upon you.
Beogh smites you!
* * * LOW HITPOINT WARNING * * *
The orc priest casts a cantrip, but nothing happens.
Fire: a) +0 shortbow
Press: ? - help, Q - select action, (/) - cycle Shift-Dir - straight line, f - orc
Aim: an orc, wielding a +0 morningstar and wearing a +0 leather armour (heavily wounded, 66% to hit)
You shoot an arrow. The arrow hits the orc!
You kill the orc!
Fire: a) +0 shortbow
Press: ? - help, Q - select action, (/) - cycle Shift-Dir - straight line, f - orc priest
Aim: an orc priest, wielding a +0 flail and wearing a +0 ring mail (heavily wounded, 69% to hit)
You shoot an arrow. The arrow hits the orc priest.
The orc priest is heavily wounded.
Fire: a) +0 shortbow
Press: ? - help, Q - select action, (/) - cycle Shift-Dir - straight line, f/p - orc priest
Aim: an orc priest, wielding a +0 flail and wearing a +0 ring mail (heavily wounded, 69% to hit)
You shoot an arrow. The arrow hits the orc priest.
The orc priest is severely wounded.
The orc priest mumbles some strange prayers to Beogh against you.
Beogh smites you!
You die...

####### ###.....#
#.......#######
#.......+.....### .
#.......#####.#.##.
#.@...)..####.#.#).
#.....##o..))......
###'#.#....##.#.#..
#.#.#.#...#.#.#.#
#.#.#.#...#.#.#..
#.#.#.#...#.#.###
#.#.#.#...#.#.#
#######.#.#.#...#.#.#
#.......#.#.#####.#.#


You could see an orc priest.

Vanquished Creatures
  A scorpion (D:4)
  Crazy Yiuf (D:2)
  Natasha (thrice) (D:2)
  2 iguanas (D:4)
  Robin (D:3)
  8 adders
  3 gnolls (D:2)
  2 worms (D:3)
  2 dart slugs (D:1)
  4 orcs (D:4)
  9 ball pythons
  4 endoplasms
  5 giant cockroaches
  9 hobgoblins
  A jackal (D:1)
  5 quokkas
  10 bats
  A frilled lizard (D:1)
  13 goblins
  12 kobolds
  4 rats
100 creatures vanquished.

Vanquished Creatures (others)
  A rat (D:3)
  4 fungi
  57 plants (D:3)
62 creatures vanquished.

Grand Total: 162 creatures vanquished

Notes
Turn   | Place    | Note
-------+----------+-------------------------------------------
     0 | D:1      | sircluck the Spriggan Hunter began the quest for the Orb.
     0 | D:1      | Reached XP level 1. HP: 10/10 MP: 2/2
   118 | D:1      | Reached XP level 2. HP: 14/14 MP: 3/3
   862 | D:2      | Reached XP level 3. HP: 18/18 MP: 4/4
   882 | D:2      | Found a runed translucent door.
   883 | D:2      | Noticed Crazy Yiuf
   925 | D:2      | Killed Crazy Yiuf
   926 | D:2      | Reached skill level 5 in Ranged Weapons
   943 | D:2      | Reached XP level 4. HP: 5/23 MP: 5/5
  1098 | D:2      | Noticed Natasha
  1102 | D:2      | Killed Natasha
  1265 | D:2      | Reached XP level 5. HP: 26/26 MP: 6/6
  1281 | D:2      | Noticed Natasha
  1285 | D:2      | Killed Natasha
  1433 | D:2      | Reached skill level 6 in Ranged Weapons
  1517 | D:2      | Noticed Natasha
  1527 | D:2      | Killed Natasha
  1835 | D:3      | Found a basalt altar of Yredelemnul.
  1993 | D:3      | Noticed Robin
  2005 | D:3      | Killed Robin
  2167 | D:3      | Reached XP level 6. HP: 30/30 MP: 7/7
  2313 | D:3      | Found an opulent altar of Gozag.
  2877 | D:4      | Found Efuumaje's Antique Weapon Boutique.
  3024 | D:4      | Reached skill level 7 in Ranged Weapons
  3126 | D:4      | Killed from afar by an orc priest

Illustrated notes

Levels and vault maps discovered:
D:1:      minmay_arrival_four_loops, layout_basic, minmay_heptomino_w4
D:2:      layout_rooms, st_stairs_2, minmay_small_reverse_x, uniq_natasha,
          uniq_crazy_yiuf_cottage
D:3:      wad_woods_stonehenge, layout_rooms, mainiacjoe_overflow_alcove_2,
          minmay_misc_feat_secret_circle, dreamdust_mushroom_princess,
          uniq_robin
D:4:      layout_basic, mainiacjoe_overflow_alcove_4, nrook_loot_triangle,
          nicolae_take_the_stairs

Skill      XL: |  1  2  3  4  5  6 |
---------------+-------------------+-----
Dodging        | 3 4 |  4.2
Ranged Weapons | 5 6 7 |  7.1
Fighting       | 2 |  2.6
Stealth        | |  1.6

Action                     |  1- 3 |  4- 6 || total
---------------------------+-------+-------++-------
   Fire: Shortbow          |    92 |   243 ||   335
 Armour: Robe              |     9 |    28 ||    37
  Dodge: Dodged            |    73 |   148 ||   221

Table legend: (Time is in decaauts)
 A = Elapsed time spent in this place.
 B = Non-inter-level travel time spent in this place.
 C = Inter-level travel time spent in this place.
 D = Time resting spent in this place.
 E = Time spent auto-exploring this place.
 F = Levels seen in this place.
 G = Mean time per level.
                   A        B        C        D        E       F      G
               +--------+--------+--------+--------+--------+-----+--------+
         Total |   2293 |   2126 |    167 |    253 |   1123 |   4 |  573.2 |
       Dungeon |   2293 |   2126 |    167 |    253 |   1123 |   4 |  573.2 |
               +--------+--------+--------+--------+--------+-----+--------+

Top non-repeatable levels by time:
     D:2: 844 daAuts
     D:3: 597 daAuts
     D:1: 542 daAuts
     D:4: 308 daAuts
